 Dungeon Crawl Stone Soup version 0.30-a0-553-g7fabdf1491 (webtiles) character file.

Game seed: 6558328237454122297

53624 WhatsHerName the Summoner (level 14, -11/101 HPs)
             Began as an Octopode Summoner on Dec 26, 2022.
             Was an Initiate of Gozag.
             Mangled by a sun demon (13 damage)
             ... summoned by an orc high priest
             ... on level 2 of the Orcish Mines.
             The game lasted 00:56:22 (27066 turns).

WhatsHerName the Summoner (Octopode Summoner)      Turns: 27066, Time: 00:56:22

Health: -11/101    AC:  5    Str:  8      XL:     14   Next: 69%
Magic:  4/28       EV: 17    Int: 21 (24) God:    Gozag
Gold:   3146       SH:  0    Dex: 12 (13) Spells: 13/33 levels left

rFire   . . .      SeeInvis .    (no weapon)
rCold   + . .      Faith    .    (no shield)
rNeg    . . .      Spirit   .    I - +0 hat {Int+3}
rPois   .          Reflect  .    g - amulet of regeneration
rElec   .          Harm     .    y - ring of Efinaluf {rC+ Will+}
rCorr   .          Rampage  .    p - ring of willpower
Will    +++..                    L - ring of flight
Stlth   +++                      O - +4 ring of protection
HPRegen 1.16/turn                (no ring)
MPRegen 0.21/turn                (no ring)
                                 (no ring)
                                 (no ring)

@: spiked, flying, hasted, studying Earth Magic, invisible, very quick
A: almost no armour, amphibious, 8 rings, camouflage 1, gelatinous body 1,
(nimble swimmer 1), tentacles, deterioration 1, devolution 1
a: Renounce Religion, Potion Petition, Call Merchant, Bribe Branch


You were on level 2 of the Orcish Mines.
You worshipped Gozag.
Gozag was most pleased with you.
You visited 4 branches of the dungeon, and saw 19 of its levels.
You also visited: Sewer.

You collected 5928 gold pieces.
You spent 575 gold pieces at shops.
You paid 2207 gold pieces to Gozag.


Innate Abilities, Weirdness & Mutations

You cannot wear most types of armour.
You are amphibious.
You can wear up to eight rings at the same time.
Your skin changes colour to match your surroundings (Stealth+).
Your rubbery body absorbs attacks. (AC +1, EV +1)
((You are camouflaged when in or above water. (Stealth+)))
You have tentacles for arms and can constrict up to eight enemies at once.
Your body sometimes deteriorates upon taking damage.
You have hidden genetic defects.


   Skills:
 - Level 11.4 Fighting
 - Level 11.6 Dodging
 - Level 2.6 Stealth
 - Level 10.0 Spellcasting
 - Level 13.0 Summonings
 * Level 6.7 Transmutations
 * Level 9.8 Air Magic


You had 13 spell levels left.
You knew the following spells:

 Your Spells              Type           Power      Damage    Failure   Level
c - Call Canine Familiar  Summ           60%        N/A       1%          3
l - Summon Lightning Spi  Summ/Air       55%        N/A       1%          4
s - Storm Form            Tmut/Air       22%        N/A       88%         7
X - Summon Cactus Giant   Summ           30%        N/A       4%          6

Your spell library contained the following spells:

 Spells                   Type           Power      Damage    Failure   Level
 Summon Small Mammal      Summ           100%       N/A       1%          1
 Call Imp                 Summ           60%        N/A       1%          2
 Static Discharge         Conj/Air       62%        2-5/arc   1%          2
 Summon Guardian Golem    Hex/Summ       37%        N/A       1%          3
 Vhi's Electric Charge    Tloc/Air       62%        N/A       2%          3
 Summon Ice Beast         Ice/Summ       37%        N/A       4%          4
 Freeze                   Ice            40%        1d6       6%          1
 Slow                     Hex            40%        N/A       6%          1
 Scorch                   Fire           20%        2d6       10%         2
 Blade Hands              Tmut           19%        N/A       12%         5
 Ice Form                 Ice/Tmut       24%        N/A       16%         4
 Confusing Touch          Hex            10%        N/A       19%         3
 Frozen Ramparts          Ice            20%        1d4       19%         3
 Hailstorm                Conj/Ice       10%        3d5       19%         3
 Ozocubu's Armour         Ice            10%        N/A       19%         3
 Portal Projectile        Hex/Tloc       20%        N/A       19%         3
 Tukima's Dance           Hex            10%        N/A       19%         3
 Vampiric Draining        Necr           10%        2d6       19%         3
 Arcjolt                  Conj/Air       15%        1d25      24%         5
 Lightning Bolt           Conj/Air       15%        1d29      24%         5
 Alistair's Intoxication  Tmut/Pois      16%        N/A       41%         5
 Flame Wave               Conj/Fire      10%        2d6       54%         4
 Borgnjor's Vile Clutch   Necr/Erth      5%         N/A       87%         5
 Eringya's Noxious Bog    Tmut/Pois      12%        N/A       94%         6
 Ozocubu's Refrigeration  Ice            5%         4d8       100%        7
 Maxwell's Capacitive Co  Air            25%        ∞         100%        8

Inventory:

Hand Weapons
 N - the +6 rapier of Wyrd {drain, SInv}
   (You found it on level 5 of the Lair of Beasts)

   A truly terrible weapon, it drains the life of any living foe it strikes.
   SInv:      It lets you see invisible.
Missiles
 q - 3 throwing nets {=f!f}
Armour
 f - a +2 hat
   (You found it on level 1 of the Dungeon)
 E - an orb of wrath
   (You found it on level 11 of the Dungeon)
 I - a +0 hat of intelligence (worn)
   (You found it on level 4 of the Lair of Beasts)
Magical Staves
 m - a staff of earth {!a}
   (You found it on level 2 of the Dungeon)
 A - a staff of death {!a}
   (You found it on level 5 of the Dungeon)
Jewellery
 g - an amulet of regeneration (around mantle)
   (You found it on level 9 of the Dungeon)
 i - the amulet "Tusoot Pili" {Reflect Will+ SH+5}
   (You found it on level 2 of the Dungeon)

   [amulet of reflection]

   It reflects blocked missile attacks.
   SH:        It affects your SH (+5).
   Will:      It increases your willpower.
 p - a ring of willpower (right tentacle)
   (You found it on level 3 of the Dungeon)
 y - the ring of Efinaluf (left tentacle) {rC+ Will+}
   (You found it on level 5 of the Dungeon)

   [ring of protection from cold]

   rC:        It protects you from cold.
   Will:      It increases your willpower.
 L - a ring of flight (on tentacle)
   (You found it on level 4 of the Dungeon)
 O - a +4 ring of protection (on tentacle)
   (You found it on level 9 of the Dungeon)
Wands
 d - a wand of polymorph (18)
   (You found it on level 6 of the Dungeon)
 r - a wand of roots (11)
   (You found it on level 9 of the Dungeon)
 H - a wand of paralysis (2)
   (You found it on level 2 of the Lair of Beasts)
 J - a wand of digging (6)
   (You found it on level 4 of the Lair of Beasts)
Scrolls
 c - a scroll of blinking {!r}
 h - a scroll of brand weapon
 k - 4 scrolls of amnesia
 n - 2 scrolls of enchant weapon
 t - 3 scrolls of immolation {!r!r}
 w - 3 scrolls of vulnerability {!r!r}
 x - 5 scrolls of teleportation {@r4}
 D - a scroll of fear
 G - 3 scrolls of magic mapping {!r}
 K - a scroll of silence {!r!r}
Potions
 a - 4 potions of magic
 b - 3 potions of cancellation
 e - a potion of berserk rage {!q}
 j - 7 potions of curing {@q1}
 l - 4 potions of might
 o - a potion of lignification {!q}
 s - 2 potions of flight
 u - 3 potions of mutation {!q}
 v - 6 potions of haste {@q3}
 z - 4 potions of attraction {!q}
 C - 3 potions of degeneration {!q}
 M - a potion of invisibility
Miscellaneous
 B - a condenser vane (inert)
   (You found it on level 1 of the Lair of Beasts)

Dungeon Overview and Level Annotations

Branches:
Dungeon (11/15)            Temple (1/1) D:7            Lair (5/5) D:8
 Shoals (0/4) Lair:2       Spider (0/4) Lair:3        Slime (0/5) Lair:5
    Orc (2/2) D:9             Elf (0/3) Orc:2         Sewer (visited)

Altars:
Ashenzari
Cheibriados
Dithmenos
Elyvilon
Fedhas
Gozag
Hepliaklqana
Kikubaaqudgha
Makhleb
Nemelex Xobeh
Okawaru
Qazlal
Ru
Sif Muna
Trog
Uskayaw
Vehumet
Wu Jian
Xom
Yredelemnul
Zin
The Shining One
Jiyva

Shops:
D:8 ?   D:10 ?:   Orc:2 **?:

Annotations:
D:4 3 runed translucent doors, Crownlay's ghost, amateur DsNe
D:5 2 transporters
D:8 exclusions: ice statue and orange crystal statue
Orc:1 3 runed translucent doors, Angani's ghost, journeyman DrRe

............ ............
###############..
##.............##. .
##...............## ..
#......#####......# ..o
#.......#.#.......# ...$
#.8...#.....#.....# ..o$.
#.@..###...###....#
.....$#3§#..#.....#..#..#
§...4.44.##...#∩#...##...
$
##.......#....∩.∩....#...
#........##...#∩#...##..)
$
#.....#..#..#.....#..#.)#
...o..#....###...###....#
......#.... #.....#.....#
..... #.......#.#.......#


You could see an orc high priest (unable to see you), a sun demon (summoned,
unable to see you), 2 red devils and a friendly lightning spire (summoned).


Message History

Your orc hits the orc high priest with a +0 hand axe.
Your orc barely misses the nameless horror.
Your orc sorcerer hits the red devil but does no damage.
Your orc priest barely misses the nameless horror.
The red devil hits you from afar with a +0 trident!
Barbed spikes become lodged in your body.
Your orc warrior hits the nameless horror but does no damage.
The nameless horror hits your orc warrior.
The orc high priest prays to Beogh.
Send 'em back where they came from!
Your orc warrior dissolves into shadows!
Your orc dissolves into shadows!
Your orc priest dissolves into shadows!
Your orc warrior dissolves into shadows!
Your orc dissolves into shadows! x2
Your orc sorcerer dissolves into shadows!
The red devil closely misses you.
Read: 2 scrolls of fear
Press: ? - help, Q - select action, (/) - cycle Dir - look around, f - activate Look: a red devil, wielding a +0 trident (heavily wounded, summoned, chance to affect: 79%)
As you read the scroll of fear, it crumbles to dust.
You assume a fearsome visage.
The red devil resists with almost no effort.
The nameless horror is unaffected.
The orc high priest looks frightened!
The orc looks frightened!
The red devil completely misses you.
The orc high priest howls in fear.
Unknown command.
Unknown command.
Unknown command.
Unknown command.
Unknown command.
Unknown command.
Unknown command.
Unknown command.
Casting: Summon Cactus Giant (dangerous; 4% risk of failure)
Confirm with . or Enter, or press ? or * to list all spells.
The red devil hits you from afar with a +0 trident!
Your body deteriorates!
You feel clumsy.
Barbed spikes become lodged in your body.
Send 'em back where they came from!
Your wolf shudders.
Unknown command.
Casting: Call Canine Familiar (safe; 1% risk of failure)
Confirm with . or Enter, or press ? or * to list all spells.
An electric hum fills the air.
Send 'em back where they came from!
Your wolf shudders.
Your lightning spire shudders.
The red devil hits you but does no damage.
Unknown command.
The barbs in your skin will harm you if you move.
Continue?
Okay, then.
You feel magically purged.
Your magical contamination has completely faded away.
Your wolf bites the nameless horror!
The nameless horror hits your wolf!
Unknown command.
Unknown command.
You fade into invisibility!
Your wolf bites the nameless horror. x2; The nameless horror hits your wolf!
Unknown command.
Your wolf bites the nameless horror.
The nameless horror is destroyed!
Casting: Summon Lightning Spire (mildly dangerous; 1% risk of failure)
Confirm with . or Enter, or press ? or * to list all spells.
You don't have enough magic to cast this spell.
Aiming: Fastroot
Press: ? - help, Q - select action, (/) - cycle Shift-Dir - straight line, f - red devil, p - red devil
Aim: a red devil, wielding a +3 demon trident (summoned, wandering, unable to see you, hasn't noticed you)
The roots erupt in riotous growth!
Roots grab the sun demon.
Roots grab the red devil.
Your wolf is unaffected.
Roots grab the red devil.
The grasping roots constrict the red devil. x2
The grasping roots constrict the sun demon, but do no damage.
Your wolf barely misses the red devil.
The sun demon hits you!
* * * LOW HITPOINT WARNING * * *
You are engulfed in flames!
* * * LOW HITPOINT WARNING * * *
Your wolf barely misses the red devil.
The red devil hits your wolf with a +0 trident!
Your wolf dies!
Your wolf's corpse disappears in a puff of smoke!
Unknown command.
Unknown command.
Unknown command. [a] - 240 gold - haste [b] - 486 gold - resistance and invisibility [c] - 294 gold - resistance and might Purchase which effect?
You feel yourself speed up.
The grasping roots constrict the red devil. x2
The grasping roots constrict the sun demon, but do no damage.
The roots release their grip on the red devil.
The roots release their grip on the sun demon.
The sun demon hits you!!
* * * LOW HITPOINT WARNING * * *
You are engulfed in flames!
* * * LOW HITPOINT WARNING * * *
The sun demon hits you!
You die...
Your body crumbles into a pile of gold.

Skill      XL: |  1  2  3  4  5  6  7  8  9 10 11 12 13 14 |
---------------+-------------------------------------------+-----
Summonings     | 5 6 7 8 9 10 11 12 13 | 13.0
Fighting       | 1 2 3 4 5 7 8 10 11 | 11.4
Air Magic      | 1 2 3 4 5 6 7 8 9 |  9.8
Dodging        | 3 4 5 6 7 8 10 11 | 11.6
Spellcasting   | 3 4 5 6 8 9 10 | 10.0
Transmutations | 3 6 |  6.7
Stealth        | |  2.6

Action                   |  1- 3 |  4- 6 |  7- 9 | 10-12 | 13-15 || total
-------------------------+-------+-------+-------+-------+-------++-------
Melee: Unarmed           |    41 |    73 |    67 |   214 |   100 ||   495
       Constrict         |    12 |    24 |    19 |    51 |    22 ||   128
       Tentacles         |    12 |    19 |    24 |    77 |    34 ||   166
       Punch             |     2 |     2 |     1 |     3 |     2 ||    10
 Cast: Summon Small Mamm |    44 |    30 |    22 |       |       ||    96
       Call Canine Famil |     2 |    26 |    59 |   114 |    62 ||   263
       Summon Lightning  |       |       |    18 |   100 |    95 ||   213
       Summon Cactus Gia |       |       |       |     5 |    56 ||    61
Invok: Call Merchant     |       |       |       |       |     2 ||     2
       Potion Petition   |       |       |       |       |     2 ||     2
Evoke: Wand              |       |       |       |     2 |     1 ||     3
       Condenser vane    |       |       |       |       |     1 ||     1
  Use: Scroll            |       |       |    14 |     8 |    10 ||    32
       Potion            |       |       |       |     2 |     4 ||     6
 Stab: Sleeping          |     1 |     3 |       |       |       ||     4
       Distracted        |       |     1 |     1 |     5 |     3 ||    10
Armor: Skin              |     2 |     8 |    14 |    42 |    13 ||    79
Dodge: Dodged            |    30 |    39 |    52 |   201 |   125 ||   447
Block: Other             |       |    12 |    32 |    52 |       ||    96
       Reflection        |       |       |     2 |     3 |       ||     5

Levels and vault maps discovered:
D:1:      minmay_arrival_open_corners, layout_loops_corners
D:2:      layout_rooms, basic_altar, minmay_joined_circles, uniq_robin
D:3:      layout_basic, nemelex_dance_club_becter
D:4:      layout_layer_cave, nicolae_gozag_conspicuous_consumption,
          kiku_gazebo_pond_becter, ebering_ghost_rock_garden,
          minmay_misc_feat_secret_circle
D:5:      gammafunk_wand_slinger, layout_cave_pods, dancing_weapons_uskayaw,
          cheibrodos_sewer_entry_bend
D:6:      layout_loops_corners, minmay_manual_mares, uniq_pikel, uniq_edmund
D:7:      layout_cave_pools, mainiacjoe_overflow_catwalk,
          lemuel_coloured_pillars_altar, minmay_temple_entry_enclosed_plants
D:8:      minmay_separated_statues, layout_basic, nicolae_ashenzari_skybound,
          grunt_temple_overflow_open, dpeg_lair_monsters, serial_shops,
          shop_statue
D:9:      kennysheep_seaside_town, layout_irregular_city,
          mainiacjoe_overflow_tiny_flanked, fedhas_altar_2, hiddenorc2_lemuel
D:10:     layout_cave_pools, nicolae_ru_the_path_less_chosen
D:11:     layout_stronghold, minmay_between
Temple:   eino_temple_lava
Lair:1:   layout_small_grid, grunt_megastairs_1, uniq_harold
Lair:2:   layout_long_grid, shoals_dummy_entry, portal_ice_cave_rime,
          grunt_megastairs_2, lemuel_fruit_tree, uniq_urug
Lair:3:   layout_chaotic_city, nicolae_spider_entry_tight_spaces,
          grunt_forest_stairs_basic, pond
Lair:4:   layout_cave_pods, serial_bayou_pond_d
Lair:5:   gammafunk_lair_ancient_temple, layout_regular_city, slime_entry_1,
          basic_altar
Orc:1:    layout_caves, gammafunk_ghost_split
Orc:2:    st_orc_mages, layout_caves, basic_altar, serial_shops,
          nicolae_shop_behind_doors, uniq_rupert, uniq_azrael

Notes
Turn   | Place    | Note
-------+----------+-------------------------------------------
     0 | D:1      | WhatsHerName the Octopode Summoner began the quest for the
                  | Orb.
     0 | D:1      | Reached XP level 1. HP: 11/11 MP: 3/3
    11 | D:1      | You pick up a book of Scorching and begin reading...
    11 | D:1      | You add the spells Scorch, Flame Wave and Summon Cactus
                  | Giant to your library.
   412 | D:1      | Reached XP level 2. HP: 17/17 MP: 1/5
  1256 | D:2      | Reached XP level 3. HP: 21/21 MP: 3/6
  1260 | D:2      | Learned a level 3 spell: Call Canine Familiar
  1413 | D:2      | Identified the amulet "Tusoot Pili" {Reflect Will+ SH+5}
  1436 | D:2      | Reached skill level 5 in Summonings
  1466 | D:2      | Noticed Robin
  1486 | D:2      | Killed Robin
  1565 | D:2      | Found a shimmering blue altar of Sif Muna.
  1692 | D:2      | Reached XP level 4. HP: 27/27 MP: 4/7
  2361 | D:3      | Found a sparkling altar of Nemelex Xobeh.
  2570 | D:3      | Reached XP level 5. HP: 28/32 MP: 8/8
  2576 | D:3      | Reached skill level 1 in Fighting
  3119 | D:3      | Learned a level 4 spell: Summon Lightning Spire
  3157 | D:4      | Found an opulent altar of Gozag.
  3160 | D:4      | Found an opulent altar of Gozag.
  3160 | D:4      | Found an opulent altar of Gozag.
  3161 | D:4      | You pick up a book of Weapons and begin reading...
  3161 | D:4      | You add the spells Tukima's Dance, Portal Projectile and
                  | Blade Hands to your library.
  3193 | D:4      | Found an opulent altar of Gozag.
  3210 | D:4      | You add the spells Alistair's Intoxication, Borgnjor's Vile
                  | Clutch and Eringya's Noxious Bog to your library.
  3245 | D:4      | Became a worshipper of Gozag Ym Sagoz the Greedy
  3333 | D:4      | Reached skill level 1 in Air Magic
  3419 | D:4      | Reached XP level 6. HP: 38/38 MP: 5/10
  3487 | D:4      | Found an ancient bone altar of Kikubaaqudgha.
  3894 | D:4      | Found a runed translucent gate.
  3919 | D:4      | Found a runed translucent gate.
  3920 | D:4      | Found a runed translucent gate.
  3920 | D:4      | Noticed Crownlay's ghost (amateur DsNe)
  4613 | D:5      | Entered Level 5 of the Dungeon
  4642 | D:5      | Noticed a black bear
  4660 | D:5      | Killed a black bear
  4661 | D:5      | Reached skill level 2 in Fighting
  4661 | D:5      | Reached skill level 3 in Dodging
  4661 | D:5      | Reached skill level 6 in Summonings
  4661 | D:5      | Reached skill level 2 in Air Magic
  4730 | D:5      | Found a transporter.
  4750 | D:5      | Found a transporter.
  4779 | D:5      | Reached skill level 3 in Spellcasting
  4851 | D:5      | Reached XP level 7. HP: 36/45 MP: 5/11
  4940 | D:5      | Found a glowing drain.
  4965 | Sewer    | Entered a sewer
  5733 | D:5      | Identified the ring of Efinaluf {rC+ Will+}
  5794 | D:5      | Reached skill level 3 in Fighting
  6196 | D:5      | Noticed a +0 hand axe
  6196 | D:5      | Noticed a +0 dagger
  6240 | D:5      | Found a hide-covered altar of Uskayaw.
  6263 | D:5      | Reached skill level 3 in Air Magic
  6535 | D:6      | Reached skill level 4 in Dodging
  6535 | D:6      | Reached XP level 8. HP: 52/52 MP: 8/13
  6682 | D:6      | Noticed Pikel
  7172 | D:6      | Reached skill level 4 in Spellcasting
  7271 | D:6      | Noticed Edmund
  7289 | D:6      | Killed Edmund
  7537 | D:6      | Reached skill level 4 in Fighting
  7537 | D:6      | Reached skill level 7 in Summonings
  7699 | D:6      | Reached skill level 4 in Air Magic
  7704 | D:6      | Killed Pikel
  7705 | D:6      | Reached skill level 5 in Dodging
  7705 | D:6      | Reached XP level 9. HP: 40/59 MP: 4/16
  7815 | D:6      | Reached skill level 5 in Spellcasting
  7849 | D:6      | You pick up a book of Frost and begin reading...
  7849 | D:6      | You add the spells Freeze, Frozen Ramparts and Hailstorm to
                  | your library.
  8026 | D:6      | Reached skill level 5 in Fighting
  8497 | D:7      | Reached skill level 5 in Air Magic
  8814 | D:7      | Found a staircase to the Ecumenical Temple.
  8837 | D:7      | Found an ornate altar of the Wu Jian Council.
  8968 | D:7      | Found a snail-covered altar of Cheibriados.
  9246 | Temple   | Entered the Ecumenical Temple
  9322 | D:7      | Learned a level 6 spell: Summon Cactus Giant
  9390 | D:8      | Reached skill level 6 in Dodging
  9390 | D:8      | Reached skill level 8 in Summonings
  9441 | D:8      | Noticed a death yak
  9444 | D:8      | Noticed a death yak
  9446 | D:8      | Noticed a death yak
  9448 | D:8      | Noticed a death yak
  9458 | D:8      | Noticed a death yak
  9466 | D:8      | Killed a death yak
  9467 | D:8      | Reached XP level 10. HP: 66/68 MP: 1/18
  9580 | D:8      | Found a shimmering blue altar of Sif Muna.
  9581 | D:8      | Found a staircase to the Lair.
  9696 | D:8      | Reached skill level 6 in Fighting
  9766 | D:8      | Found Yhai's Magic Scroll Boutique.
  9772 | D:8      | Bought a scroll of teleportation for 39 gold pieces
  9815 | D:8      | Reached skill level 6 in Spellcasting
  9902 | D:8      | Noticed an ice statue
  9926 | D:8      | Reached skill level 6 in Air Magic
  9968 | D:8      | Noticed an orange crystal statue
 10142 | D:8      | Found a broken altar of Ashenzari.
 10210 | D:8      | Killed a death yak
 10492 | D:8      | Reached skill level 7 in Dodging
 10560 | D:8      | Found a shadowy altar of Dithmenos.
 11097 | D:9      | Noticed a two-headed ogre
 11721 | D:9      | Reached skill level 9 in Summonings
 11904 | D:9      | You add the spells Vhi's Electric Charge, Arcjolt and
                  | Maxwell's Capacitive Coupling to your library.
 11908 | D:9      | Found a blossoming altar of Fedhas.
 12106 | D:9      | Reached skill level 7 in Fighting
 12107 | D:9      | Reached XP level 11. HP: 54/75 MP: 7/21
 12241 | D:9      | Reached skill level 7 in Air Magic
 12514 | D:9      | Reached skill level 7 in Spellcasting
 12761 | D:9      | Found a staircase to the Orcish Mines.
 12992 | D:9      | Killed a two-headed ogre
 13077 | D:9      | Found a white marble altar of Elyvilon.
 13622 | D:10     | Entered Level 10 of the Dungeon
 13712 | D:10     | Reached skill level 8 in Dodging
 13964 | D:10     | You pick up a book of Debilitation and begin reading...
 13964 | D:10     | You add the spells Slow, Vampiric Draining and Confusing
                  | Touch to your library.
 14375 | D:10     | Found a sacrificial altar of Ru.
 14927 | D:11     | Reached skill level 8 in Fighting
 14967 | D:11     | Noticed a boulder beetle
 14992 | D:11     | Killed a boulder beetle
 14993 | D:11     | Reached skill level 10 in Summonings
 15480 | D:11     | HP: 16/77 [acid dragon/splash of acid (37)]
 15521 | D:11     | Reached skill level 8 in Spellcasting
 15920 | Lair:1   | Entered Level 1 of the Lair of Beasts
 15920 | Lair:1   | Noticed Harold
 15937 | Lair:1   | Killed Harold
 16378 | Lair:1   | Reached XP level 12. HP: 84/84 MP: 17/24
 16392 | Lair:1   | Reached skill level 9 in Dodging
 16615 | Lair:1   | Reached skill level 9 in Fighting
 16935 | Lair:1   | You add the spells Ozocubu's Armour and Ozocubu's
                  | Refrigeration to your library.
 17028 | Lair:1   | Reached skill level 11 in Summonings
 17261 | Lair:1   | Reached skill level 9 in Spellcasting
 17455 | Lair:1   | Reached skill level 10 in Dodging
 17831 | Lair:2   | Found a frozen archway.
 18104 | Lair:2   | Found a staircase to the Shoals.
 18106 | Lair:2   | Noticed Urug
 18126 | Lair:2   | Killed Urug
 18127 | Lair:2   | Reached skill level 10 in Fighting
 18168 | Lair:2   | Reached XP level 13. HP: 92/92 MP: 6/26
 19623 | Lair:3   | Found a hole to the Spider Nest.
 19862 | Lair:3   | Reached skill level 10 in Spellcasting
 19862 | Lair:3   | Reached skill level 12 in Summonings
 20143 | Lair:3   | Reached skill level 11 in Dodging
 20894 | D:10     | Bought the Precepts of Lightning for 476 gold pieces
 20894 | D:10     | You add the spells Static Discharge, Lightning Bolt and
                  | Storm Form to your library.
 20902 | D:10     | Learned a level 7 spell: Storm Form
 21219 | Lair:4   | Reached skill level 1 in Transmutations
 21460 | Lair:4   | Reached skill level 2 in Transmutations
 21714 | Lair:4   | Reached skill level 11 in Fighting
 22542 | Lair:5   | Entered Level 5 of the Lair of Beasts
 22567 | Lair:5   | Found a viscous altar of Jiyva.
 22567 | Lair:5   | Found a staircase to the Slime Pits.
 22714 | Lair:5   | Reached skill level 3 in Transmutations
 22866 | Lair:5   | Reached skill level 8 in Air Magic
 22875 | Lair:5   | Reached XP level 14. HP: 75/101 MP: 7/28
 22950 | Lair:5   | Reached skill level 4 in Transmutations
 23774 | Lair:5   | Identified the +6 rapier of Wyrd {drain, SInv}
 23825 | Lair:5   | Reached skill level 5 in Transmutations
 23878 | Lair:5   | You pick up a book of Rime and begin reading...
 23878 | Lair:5   | You add the spells Ice Form and Summon Ice Beast to your
                  | library.
 24036 | Lair:5   | Found a snail-covered altar of Cheibriados.
 24619 | Orc:1    | Entered Level 1 of the Orcish Mines
 25087 | Orc:1    | Noticed Angani's ghost (journeyman DrRe)
 25093 | Orc:1    | Found a runed translucent gate.
 25093 | Orc:1    | Found a runed translucent gate.
 25093 | Orc:1    | Found a runed translucent gate.
 25467 | Orc:2    | Entered Level 2 of the Orcish Mines
 25635 | Orc:2    | Noticed Azrael
 25677 | Orc:2    | Reached skill level 9 in Air Magic
 25821 | Orc:2    | HP: 17/101 [Azrael/damnation (24)]
 25823 | Orc:2    | Killed Azrael
 25882 | Orc:2    | Found a staircase to the Elven Halls.
 26529 | Orc:2    | Noticed Rupert
 26539 | Orc:2    | Reached skill level 6 in Transmutations
 26555 | Orc:2    | Killed Rupert
 26803 | Orc:2    | Gained mutation: You have hidden genetic defects. [a
                  | neqoxec]
 26808 | Orc:2    | Gained mutation: Your body sometimes deteriorates upon
                  | taking damage. [a neqoxec]
 26811 | Orc:2    | Reached skill level 13 in Summonings
 27013 | Orc:2    | Found Esirr's Book Boutique.
 27013 | Orc:2    | Found Fitihed's Magic Scroll Boutique.
 27014 | Orc:2    | Found Osacwuug's General Store.
 27018 | Orc:2    | Found Nenodu's General Store.
 27024 | Orc:2    | Bought a potion of curing for 30 gold pieces
 27024 | Orc:2    | Bought a scroll of teleportation for 30 gold pieces
 27066 | Orc:2    | HP: 16/101 [sun demon[an orc high priest] (21)]
 27066 | Orc:2    | HP: 2/101 [sun demon[an orc high priest] (14)]
 27066 | Orc:2    | Mangled by a sun demon

Vanquished Creatures
  A death yak (D:8)
  2 cane toads
  A komodo dragon (D:9)
  2 blink frogs
  A culicivora (Lair:3)
  4 yaks (Lair:1)
  A water moccasin (D:6)
  An acid dragon (D:6)
  2 black bears (D:5)
  4 orc warriors
  2 wolves (Lair:1)
  A lemure (D:5)
  2 scorpions
  3 bullfrogs
  A killer bee (D:9)
  A gnoll bouda (D:9)
  An orc wizard (D:8)
  3 gnolls
  2 adders (D:4)
  A dart slug (D:4)
  11 orcs
  5 ball pythons
  2 endoplasms
  4 giant cockroaches
  4 goblins (D:2)
  2 hobgoblins
  A jackal (D:5)
  4 kobolds
  A quokka (D:5)
  4 bats
  2 frilled lizards
  4 rats
80 creatures vanquished.

Vanquished Creatures (collateral kills)
  Rupert (Orc:2)
  Azrael (Orc:2)
  Harold (Lair:1)
  3 hydras
  A merfolk avatar (Lair:5)
  A two-headed ogre (D:9)
  A boulder beetle (D:11)
  A death yak (D:8)
  Urug (Lair:2)
  3 orc high priests (Orc:2)
  A sea snake (Lair:5)
  Pikel (D:6)
  3 orc sorcerers
  A manticore (Lair:5)
  9 elephants
  A torpor snail (Lair:4)
  6 black mambas
  5 rime drakes
  8 cane toads
  A kobold demonologist (D:11)
  10 komodo dragons
  6 polar bears
  3 trolls
  2 wind drakes (Lair:5)
  4 hornets
  11 blink frogs
  A snapping turtle (Lair:5)
  4 jumping spiders (Lair:3)
  3 culicivoras (Lair:3)
  2 basilisks
  A wraith (D:11)
  52 yaks
  A shadow (D:11)
  A vampire (D:10)
  4 wyverns
  A redback (Lair:3)
  3 fire elementals (Orc:2)
  4 steam dragons
  Edmund (D:6)
  3 wargs (Orc:2)
  2 acid dragons
  8 water moccasins
  3 hell hounds (Orc:2)
  20 orc warriors
  2 ice beasts (D:7)
  A sky beast (D:6)
  A black bear (D:8)
  8 ogres
  13 wolves
  4 centaurs
  A lemure (D:6)
  3 kobold brigands
  8 bullfrogs
  2 gnoll sergeants
  A necrophage (D:6)
  A scorpion (D:6)
  5 wights (D:6)
  9 killer bees
  4 howler monkeys
  38 orc priests
  4 hounds
  4 gnoll boudas
  An iguana (D:5)
  35 orc wizards
  3 nameless horrors
  Robin (D:2)
  25 gnolls
  10 adders
  2 river rats (Lair:3)
  4 worms
  A dart slug (D:4)
  61 orcs
  6 ball pythons
  2 endoplasms (D:2)
  4 giant cockroaches
  12 goblins
  8 hobgoblins
  5 jackals
  22 kobolds
  3 quokkas
  4 bats
  3 frilled lizards (D:2)
  5 rats
526 creatures vanquished.

Vanquished Creatures (others)
  An orc wizard (Orc:1)
  An orc (D:9)
  38 fungi
  51 plants
91 creatures vanquished.

Grand Total: 697 creatures vanquished

Table legend:
 A = Non-vault XP
 B = Vault XP
 C = Vault XP percentage of total XP
 D = Non-vault monster count
 E = Vault monster count
 F = Vault count percentage of total count
                 A         B        C        D         E       F
            +---------+---------+-------+---------+---------+-------
      Total |   49010 |   27597 |  36.0 |     391 |     212 |  35.2
            +---------+---------+-------+---------+---------+-------
        D:1 |      33 |       0 |   0.0 |      19 |       0 |   0.0
        D:2 |      35 |      65 |  65.0 |      15 |      23 |  60.5
        D:3 |      47 |       5 |   9.6 |      12 |       2 |  14.3
        D:4 |     194 |       0 |   0.0 |      19 |       0 |   0.0
        D:5 |     679 |      10 |   1.5 |      23 |       2 |   8.0
        D:6 |    1102 |     985 |  47.2 |      13 |       4 |  23.5
        D:7 |     791 |       0 |   0.0 |      20 |       0 |   0.0
        D:8 |    1671 |    1819 |  52.1 |      22 |       5 |  18.5
        D:9 |    2147 |    1944 |  47.5 |      25 |      53 |  67.9
       D:10 |    2094 |       0 |   0.0 |      28 |       0 |   0.0
       D:11 |    2301 |     645 |  21.9 |      11 |       5 |  31.2
     Lair:1 |   10338 |    1645 |  13.7 |      42 |       3 |   6.7
     Lair:2 |    4959 |    1648 |  24.9 |      19 |       4 |  17.4
     Lair:3 |    4943 |    2892 |  36.9 |      18 |      15 |  45.5
     Lair:4 |    6601 |       0 |   0.0 |      25 |       0 |   0.0
     Lair:5 |    7078 |    7011 |  49.8 |      27 |      20 |  42.6
      Orc:1 |    1634 |       0 |   0.0 |      25 |       0 |   0.0
      Orc:2 |    2363 |    8800 |  78.8 |      28 |      53 |  65.4
      Sewer |       0 |     128 | 100.0 |       0 |      23 | 100.0
            +---------+---------+-------+---------+---------+-------

Illustrated notes

Table legend:
 A = Kills in this place as a percentage of kills in entire the game.
 B = Kills by you in this place as a percentage of kills by you in the entire game.
 C = Kills by friends in this place as a percentage of kills by friends in the entire game.
 D = Other kills in this place as a percentage of other kills in the entire game.
 E = Experience gained in this place as a percentage of experience gained in the entire game.
 F = Experience gained in this place divided by the number of levels of this place that you have seen.
                   A       B       C       D       E      F
               +-------+-------+-------+-------+-------+----------------------
         Total | 100.0 | 100.0 | 100.0 | 100.0 | 100.0 | 3830.4
       Dungeon |  49.9 |  74.7 |  46.2 |  50.0 |  21.6 | 1506.1
          Lair |  28.7 |  16.5 |  30.7 |   0.0 |  61.5 | 9423.0
  Orcish Mines |  17.6 |   1.3 |  19.9 |  50.0 |  16.7 | 6398.5
         Sewer |   3.8 |   7.6 |   3.3 |   0.0 |   0.2 | 128.0
               +-------+-------+-------+-------+-------+----------------------

Table legend: (Time is in decaauts)
 A = Elapsed time spent in this place.
 B = Non-inter-level travel time spent in this place.
 C = Inter-level travel time spent in this place.
 D = Time resting spent in this place.
 E = Time spent auto-exploring this place.
 F = Levels seen in this place.
 G = Mean time per level.
                   A        B        C        D        E       F      G
               +--------+--------+--------+--------+--------+-----+--------+
         Total |  27088 |  25472 |   1616 |   3108 |  17861 |  20 | 1354.4 |
       Dungeon |  15529 |  14376 |   1153 |   1766 |   9967 |  11 | 1411.7 |
        Temple |     67 |     61 |      6 |      0 |     57 |   1 |   67.0 |
          Lair |   8585 |   8160 |    425 |   1114 |   5825 |   5 | 1717.0 |
  Orcish Mines |   2446 |   2416 |     30 |    228 |   1655 |   2 | 1223.0 |
         Sewer |    458 |    458 |      0 |      0 |    357 |   1 |  458.0 |
               +--------+--------+--------+--------+--------+-----+--------+

Top non-repeatable levels by time:
     D:9: 2581 daAuts
  Lair:1: 1962 daAuts
  Lair:5: 1917 daAuts
     D:5: 1861 daAuts
  Lair:3: 1780 daAuts
     D:8: 1770 daAuts
   Orc:2: 1598 daAuts
  Lair:4: 1545 daAuts
     D:6: 1504 daAuts
     D:4: 1467 daAuts
  Lair:2: 1379 daAuts
     D:1: 1249 daAuts
    D:11: 1246 daAuts
     D:3: 1011 daAuts
    D:10: 999 daAuts
